 Dungeon Crawl Stone Soup version 0.28.0-53-g5a82cb258f (webtiles) character file.

Game seed: 13300649524195535897

419 pesado the Cleaver (level 6, -5/55 HPs)
             Began as a Hill Orc Berserker on May 21, 2022.
             Was a Believer of Trog.
             Slain by an ogre
             ... wielding a +0 giant club
              (22 damage)
             ... on level 4 of the Dungeon.
             The game lasted 00:03:59 (5428 turns).

pesado the Cleaver (Hill Orc Berserker)             Turns: 5428, Time: 00:04:00

Health: -5/55      AC:  7    Str: 28    XL:     6   Next: 93%
Magic:  1/6        EV: 10    Int:  7    God:    Trog [**....]
Gold:   169        SH:  0    Dex: 10    Spells: 5/5 levels left

rFire   . . .      SeeInvis .   a - +0 hand axe
rCold   . . .      Faith    .   (no shield)
rNeg    . . .      Spirit   .   h - +0 scale mail
rPois   .          Reflect  .   (no helmet)
rElec   .          Harm     .   (no cloak)
rCorr   .          Rampage  .   j - +0 pair of gloves {infuse}
Will    .....                   (no boots)
Stlth   ..........              (no amulet)
HPRegen 0.18/turn               d - +6 ring of strength
MPRegen 0.10/turn               (no ring)

@: no status effects
A: no striking features
a: Renounce Religion, Berserk, Trog's Hand


You were on level 4 of the Dungeon.
You worshipped Trog.
Trog was pleased with you.
You visited 1 branch of the dungeon, and saw 4 of its levels.

You collected 169 gold pieces.

Inventory:

Hand Weapons
 a - a +0 hand axe (weapon)
Armour
 g - a +0 chain mail
 h - a +0 scale mail (worn)
 j - a +0 pair of gloves of infusion (worn)
Jewellery
 d - a +6 ring of strength (left hand)
 i - a +6 ring of strength
Wands
 f - a wand of acid (2)
Scrolls
 b - 2 scrolls of teleportation
 c - 5 scrolls of identify
 k - a scroll of fear {unknown}
 m - a scroll of summoning {unknown}
Potions
 e - 2 potions of heal wounds {unknown}
 l - 2 potions of curing {unknown}
 n - a potion of berserk rage {unknown}


   Skills:
 - Level 4.8 Fighting
 + Level 8.6 Axes
 + Level 3.1 Armour
 - Level 2.0 Dodging
 - Level 0.1 Stealth


You had 5 spell levels left.
You didn't know any spells.
Your spell library contained the following spells:

 Spells                   Type           Power      Damage    Failure   Level
 Iskenderun's Battlesphe  Conj           0%         2d6       100%        5
 Iron Shot                Conj/Erth      0%         9d1       100%        6
 Spellforged Servitor     Conj/Summ      0%         N/A       100%        7


Dungeon Overview and Level Annotations

Branches:
Dungeon (4/15)
 Temple: D:4-7

Altars:
Dithmenos
Hepliaklqana
Makhleb
Okawaru
Vehumet
The Shining One

Shops:
D:4 [


Message History

An adder skeleton is nearby!
The adder skeleton misses you.
There is an open door here.
You slash the adder skeleton!
The adder skeleton is severely damaged.
The adder skeleton bites you but does no damage.
You slash the adder skeleton!
You destroy the adder skeleton!
Trog accepts your kill.
No target in view!
No target in view!
You now have 169 gold pieces (gained 10).
You open the door. You open the door.
There is an open door here.
You open the door.
An ogre comes into view. It is wielding a +0 giant club.
The ogre shouts!
A goblin comes into view. It is wielding a +0 club.
There are monsters nearby!
There are monsters nearby!
There are monsters nearby!
There is an open door here.
Found 17 gold pieces.
The goblin hits you with a +0 club.
You hit the goblin.
The goblin is moderately wounded.
You hit the ogre. The goblin hits you but does no damage.
The ogre hits you with a +0 giant club.
You slash the goblin!
You kill the goblin!
Trog accepts your kill.
You slash the ogre! The ogre hits you with a +0 giant club!
Things that are here:
a +0 club; a goblin corpse The ogre hits you with a +0 giant club!!
You slash the ogre!
The ogre is almost dead.
The ogre hits you with a +0 giant club!!
You die...

#####...## #......'
#......# #.......
####+#### +.......
#.......# #....[..
#.......## #......#
.........+ #......+
.......@.## #####...##
....^.O)..# #+#...#+#.##
#.......#####.......###.
#+#..$#'###...........#.
..#####...##.........##.
#.......#..'.........'..
#############.......####
#.......# ####'####


You could see an ogre.

Vanquished Creatures
  An ogre (D:4)
  A phantom (D:3)
  A scorpion (D:4)
  A wyvern skeleton (D:3)
  An iguana (D:2)
  Terence (D:2)
  2 adders
  An adder skeleton (D:4)
  A worm (D:2)
  3 dart slugs
  An orc (D:4)
  6 bats
  6 endoplasms
  A giant cockroach (D:1)
  9 hobgoblins
  4 jackals (D:1)
  9 kobolds
  2 quokkas
  10 ball pythons
  A frilled lizard (D:3)
  5 goblins
  4 rats
71 creatures vanquished.

Notes
Turn   | Place    | Note
-------+----------+-------------------------------------------
     0 | D:1      | pesado the Hill Orc Berserker began the quest for the Orb.
     0 | D:1      | Reached XP level 1. HP: 19/19 MP: 1/1
   292 | D:1      | Reached XP level 2. HP: 21/27 MP: 2/2
   908 | D:1      | Reached XP level 3. HP: 28/34 MP: 3/3
  1681 | D:2      | Reached skill level 5 in Axes
  2247 | D:2      | Reached XP level 4. HP: 10/41 MP: 4/4
  2682 | D:2      | Noticed Terence
  2694 | D:2      | Killed Terence
  2695 | D:2      | Reached skill level 6 in Axes
  2971 | D:2      | Reached XP level 5. HP: 47/47 MP: 5/5
  3523 | D:3      | Reached ** piety under Trog
  4102 | D:3      | Reached skill level 7 in Axes
  4284 | D:3      | Found a glowing golden altar of the Shining One.
  4525 | D:3      | Noticed a phantom
  4537 | D:3      | Killed a phantom
  4538 | D:3      | Reached XP level 6. HP: 48/55 MP: 1/6
  4644 | D:3      | Found a shadowy altar of Dithmenos.
  4646 | D:3      | Found a burning altar of Makhleb.
  4649 | D:3      | Found a hazy altar of Hepliaklqana.
  4650 | D:3      | Found an iron altar of Okawaru.
  4653 | D:3      | Found a radiant altar of Vehumet.
  4901 | D:4      | Found Duannelu's Armour Emporium.
  4975 | D:4      | Reached skill level 8 in Axes
  5428 | D:4      | Slain by an ogre

Illustrated notes

Levels and vault maps discovered:
D:1:      matt_arrival_spirals, layout_loops_ring
D:2:      layout_basic, uniq_terence
D:3:      layout_basic, lemuel_tele_altar, minitemple, serial_curves,
          eino_curves_03, eino_curves_03
D:4:      nicolae_cairo_tiling_very_big, layout_basic, fedhas_altar_4,
          serial_shops, shop

Skill      XL: |  1  2  3  4  5  6 |
---------------+-------------------+-----
Fighting       | 4 |  4.8
Axes           | 5 6 7 8 |  8.6
Dodging        | 2 |  2.0
Armour         | 3 |  3.1
Stealth        | |  0.1

Action                   |  1- 3 |  4- 6 || total
-------------------------+-------+-------++-------
Melee: Hand axe          |   120 |   108 ||   228
       Punch             |     1 |     2 ||     3
Invok: Berserk           |     3 |       ||     3
       Trog's Hand       |       |     1 ||     1
Evoke: Wand              |       |     1 ||     1
  Use: Scroll            |     1 |     3 ||     4
Armor: Animal skin       |    15 |     6 ||    21
       Scale mail        |       |    18 ||    18
Dodge: Dodged            |    81 |    55 ||   136
